 Crawl Stoat Soup version 0.23-ish-327-87-g3a41155e8f (console) character file.

3796 ceb the Scholar of Death (level 10, -3/67 HPs)
             Began as a Faerie Dragon Necromancer on Mar 30, 2024.
             Was a Follower of Kikubaaqudgha.
             Slain by a wyvern zombie (10 damage)
             ... on level 8 of the Dungeon.
             The game lasted 00:18:38 (7305 turns).

ceb the Scholar of Death (FDNe)                     Turns: 7305, Time: 00:18:39

Health: -3/67      AC:  6    Str:  8    XL:     10   Next: 16%
Magic:  6/18 (21)  EV: 17    Int: 22    God:    Kikubaaqudgha [*.....]
Gold:   208        SH:  6    Dex: 13    Spells: 11/23 levels left

rFire    . . .     SeeInvis .   a - +4 flail (holy)
rCold    . . .     Gourm    .   (shield restricted)
rNeg     . . .     Faith    .   (armour unavailable)
rPois    .         Spirit   .   (helmet restricted)
rElec    .         Warding  .   (no cloak)
rCorr    .         Reflect  .   (no gloves)
MR       +....     Harm     .   (no boots) Stlth +.........Clarity +
                                (no amulet)
HPRegen  1.21/turn              (no ring)
MPRegen  0.17/turn              (no ring)

@: flying, 3 MP reserved for charms, 0.03 MP regen used to sustain charms
A: small, sparkly, unfitting armour, talons 1, clarity, strong 1, magic
attunement, magical scales, able to fly
a: Stop Flying, Receive Corpses, Renounce Religion, End Permanent Enchantments


You were on level 8 of the Dungeon.
You worshipped Kikubaaqudgha.
Kikubaaqudgha was aware of your devotion.
You were not hungry.

You visited 2 branches of the dungeon, and saw 9 of its levels.

You collected 208 gold pieces.

Inventory:

Hand Weapons
 a - a +4 flail of holy wrath (weapon)
 b - a +2 spear
Jewellery
 d - an uncursed ring of resist corrosion {unknown}
 k - an uncursed ring of see invisible {unknown}
 q - an uncursed ring of ice {unknown}
Wands
 e - a wand of acid (7 charges)
 n - a wand of random effects (9 charges)
 o - a wand of mindburst (15 charges)
Scrolls
 h - 2 scrolls of amnesia
 i - 2 scrolls of enchant armour
 m - 2 scrolls of teleportation
 s - a scroll of identify
 t - a scroll of immolation {unknown}
 u - a scroll of fear
 v - a scroll of remove curse
Potions
 g - 2 potions of curing
 j - a potion of heal wounds
 l - 3 potions of might {unknown}
 p - a potion of brilliance
 r - 2 potions of mutation
 x - 2 potions of berserk rage {unknown}
Comestibles
 c - 4 bread rations
 f - 3 meat rations
 w - 5 chunks of flesh


   Skills:
 + Level 5.6 Fighting
 + Level 7.3 Dodging
 - Level 1.2 Stealth
 + Level 7.4 Spellcasting
 * Level 11.8 Necromancy


You had 11 spell levels left.
You knew the following spells:

 Your Spells              Type           Power        Failure   Level  Hunger
a - Necrotise             Necr           25/25        1%          1    None
b - Animate Dead          Necr           N/A          1%          4    None
c - Vampiric Draining     Necr           57/200       1%          3    None
d - Regeneration          Chrm/Necr      34/200       7%          4    None

Your spell library contained the following spells:

 Spells                   Type           Power        Failure   Level  Hunger
 Corpse Rot               Necr           N/A          1%          2    None
 Sublimation of Blood     Necr           57/200       1%          2    None
 Apportation              Tloc           8/50         8%          1    None
 Confusing Touch          Hex            8/50         8%          1    None
 Summon Small Mammal      Summ           8/25         8%          1    None
 Confuse                  Hex            8/100        24%         3    None
 Gell's Gravitas          Tloc           8/200        24%         3    None
 Petrify                  Tmut/Erth      8/100        61%         4    None
 Metabolic Englaciation   Hex/Ice        8/200        91%         5    None
 Yara's Violent Unravell  Hex/Tmut       8/200        91%         5    None


Dungeon Overview and Level Annotations

Branches:
Dungeon (8/15)             Temple (1/1) D:5
   Lair: D:8-11

Altars:
Ashenzari
Cheibriados
Dithmenos
Elyvilon
Fedhas
Gozag
Hepliaklqana Ihp'ix
Kikubaaqudgha
Nemelex Xobeh
Okawaru
Qazlal
Ru
Sif Muna
Trog
Uskayaw
Wu Jian
Xom
Zin
The Shining One

Shops:
D:6 [   D:8 *


Innate Abilities, Weirdness & Mutations

Your sparkly wings attract attention (Stealth-).
You are small and have problems with some larger weapons.
You cannot fit into any form of body armour.
Your spells do not cause hunger; their MP costs are reduced by 1.
Your shimmering scales repel attacks (AC +6, SH +6).
You can fly continuously.
You have sharp toenails.
You possess an exceptional clarity of mind.
Your muscles are strong. (Str +2)


Message History

The centaur writhes in agony.
You block the centaur's attack. The wyvern zombie closely misses you.
The centaur hits you with an uncursed rapier!
The wyvern zombie bites you!
* * * LOW HITPOINT WARNING * * *
The centaur unwields an uncursed rapier.
The centaur wields an uncursed shortbow.
The centaur shoots an arrow.
The arrow closely misses you.
You see here an arrow.
Casting: Necrotise (safe; 1% risk of failure)
Confirm with . or Enter, or press ? or * to list all spells.
Aiming: Vampiric Draining (safe; 1% risk of failure)
Press: ? - help, Shift-Dir - straight line, f - wyvern zombie, p - centaur
Aim: a wyvern zombie You can't drain life from that!
The wyvern zombie bites you!
* * * LOW HITPOINT WARNING * * *
The wyvern zombie bites you!
You die...
Kikubaaqudgha rasps: "You have failed me!
Welcome... death!"

#########)#
#.@Zc..().#
#.#########
#.# #####.#
#.....#
#.#####
#.Z...#
#.###.#
#####.#
#<..)#
######


You could see a centaur and a wyvern zombie.

Vanquished Creatures
  Pikel (D:4)
  A hornet (D:5)
  Eustachio (D:4)
  2 hungry ghosts (D:7)
  Edmund (D:4)
  Menkaure (D:4)
  An orc warrior (D:7)
  2 centaurs
  3 ogres
  2 phantoms (D:5)
  2 bullfrogs (D:6)
  A gnoll sergeant (D:7)
  2 scorpions
  2 wights (D:8)
  4 electric eels (D:7)
  2 goliath beetles (D:7)
  A centaur zombie (D:5)
  A centaur skeleton (D:8)
  4 hounds
  3 jellies
  2 orc priests
  A gnoll shaman (D:2)
  5 orc wizards
  Natasha (twice) (D:4)
  2 iguanas
  5 worker ants
  A hound skeleton (D:4)
  13 gnolls
  3 river rats (D:7)
  13 adders
  A shadow imp (D:5)
  2 white imps (D:7)
  An ooze (D:3)
  An adder skeleton (D:6)
  A worm (D:3)
  2 dart slugs
  2 leopard geckos
  10 orcs
  A ball python (D:4)
  9 bats
  4 giant cockroaches
  7 goblins
  7 hobgoblins
  12 jackals
  6 weasels
  7 frilled lizards
  11 kobolds
  11 rats
  A weasel skeleton (D:6)
  A plant (D:7)
181 creatures vanquished.

Vanquished Creatures (collateral kills)
  A sky beast (D:6)
  2 ice beasts
  2 adders
  A river rat (D:7)
  A shadow imp (D:7)
  A white imp (D:6)
  A bush (D:2)
  A plant (D:7)
10 creatures vanquished.

Vanquished Creatures (others)
  A scorpion (D:4)
  Natasha (D:4)
  2 orcs (D:7)
  6 plants
10 creatures vanquished.

Grand Total: 201 creatures vanquished

Notes
Turn   | Place    | Note
-------+----------+-------------------------------------------
     0 | D:1      | ceb the Faerie Dragon Necromancer began the quest for the
                  | Orb.
     0 | D:1      | Reached XP level 1. HP: 11/11 MP: 3/3
    84 | D:1      | Reached skill level 5 in Necromancy
    91 | D:1      | Reached XP level 2. HP: 18/18 MP: 5/5
   730 | D:1      | Reached XP level 3. HP: 22/22 MP: 7/7
  1090 | D:2      | Reached skill level 1 in Fighting
  1495 | D:2      | Reached XP level 4. HP: 28/28 MP: 8/8
  1902 | D:3      | Reached skill level 6 in Necromancy
  1902 | D:3      | Reached XP level 5. HP: 30/33 MP: 9/9
  1912 | D:3      | Learned a level 4 spell: Animate Dead
  1916 | D:3      | Learned a level 3 spell: Vampiric Draining
  1973 | D:3      | Found a blossoming altar of Fedhas.
  2667 | D:3      | Reached XP level 6. HP: 24/39 MP: 11/11
  2673 | D:3      | Learned a level 4 spell: Regeneration
  3053 | D:3      | Found a white marble altar of Elyvilon.
  3293 | D:4      | Noticed Edmund
  3303 | D:4      | Killed Edmund
  3303 | D:4      | Reached skill level 7 in Necromancy
  3514 | D:4      | Noticed Natasha
  3517 | D:4      | Killed Natasha
  3517 | D:4      | Reached XP level 7. HP: 45/45 MP: 10/13
  3912 | D:4      | Noticed Natasha
  3917 | D:4      | Killed Natasha
  3920 | D:4      | Noticed Menkaure
  3930 | D:4      | Killed Menkaure
  3930 | D:4      | Reached skill level 8 in Necromancy
  4037 | D:4      | Noticed Eustachio
  4084 | D:4      | Killed Eustachio
  4084 | D:4      | Reached XP level 8. HP: 10/52 MP: 1/15
  4312 | D:4      | Noticed Natasha
  4315 | D:4      | Noticed Pikel
  4336 | D:4      | Killed Pikel
  4336 | D:4      | Reached skill level 5 in Dodging
  4336 | D:4      | Reached skill level 5 in Spellcasting
  4336 | D:4      | Reached skill level 9 in Necromancy
  4336 | D:4      | Killed Natasha
  4450 | D:5      | Entered Level 5 of the Dungeon
  4598 | D:5      | Reached XP level 9. HP: 54/58 MP: 7/18
  4726 | D:5      | Found a staircase to the Ecumenical Temple.
  4732 | Temple   | Entered the Ecumenical Temple
  4784 | Temple   | Became a worshipper of Kikubaaqudgha
  4915 | D:5      | Reached skill level 10 in Necromancy
  4932 | D:5      | Noticed a hornet
  4945 | D:5      | Killed a hornet
  5129 | D:5      | Found an opulent altar of Gozag.
  5253 | D:5      | Found a sacrificial altar of Ru.
  5339 | D:5      | Found an iron altar of Okawaru.
  5343 | D:5      | Found a shadowy altar of Dithmenos.
  5359 | D:5      | Found a blossoming altar of Fedhas.
  5402 | D:6      | Found an ornate altar of the Wu Jian Council.
  5700 | D:6      | Gained mutation: You have sharp toenails. [mutagenic meat]
  5702 | D:6      | Gained mutation: Your muscles are strong. (Str +2)
                  | [mutagenic meat]
  5703 | D:6      | Gained mutation: You possess an exceptional clarity of
                  | mind. [mutagenic meat]
  5704 | D:6      | Gained mutation: Your mind is acute. (Int +2) [mutagenic
                  | meat]
  5705 | D:6      | Lost mutation: Your mind is acute. (Int +2) [mutagenic
                  | meat]
  5815 | D:6      | Found Qeoqigoschu's Armour Emporium.
  5835 | D:7      | Reached skill level 5 in Fighting
  5873 | D:7      | Found an ornate altar of the Wu Jian Council.
  6118 | D:7      | Reached skill level 11 in Necromancy
  6214 | D:7      | Reached * piety under Kikubaaqudgha
  6214 | D:7      | Identified Kikubaaqudgha's Guide on Unholy Magic
                  | (Kikubaaqudgha gifted it to you on level 7 of the Dungeon)
  6214 | D:7      | Received a gift from Kikubaaqudgha
  6569 | D:7      | Reached XP level 10. HP: 16/66 MP: 14/20
  7273 | D:8      | Found Ysoq Cent's Assorted Antiques.
  7302 | D:8      | HP: 3/67 [wyvern zombie (9)]
  7305 | D:8      | Slain by a wyvern zombie

Vault maps used:
D:1:      nicolae_arrival_washed_ashore, serial_rivers,
          chequers_serial_rivers_room_b, chequers_serial_rivers_room_a,
          chequers_serial_rivers_marsh, chequers_serial_rivers_marsh,
          chequers_serial_rivers_marsh, minmay_pentomino_q2
D:2:      first_bread, cheibrodos_gnoll_hut
D:3:      marbit_many_paths, fedhas_altar_2
D:4:      lemuel_upstairs_altar, minmay_checkerbox, uniq_natasha, uniq_pikel,
          uniq_eustachio, uniq_menkaure, uniq_edmund
D:5:      old_standard_altar, minmay_overflow_temple_star_quad,
          nicolae_ru_great_annihilating_truth, temple_green, minmay_diced_spiral
D:6:      kennysheep_little_box, nicolae_overflow_crystal_walls, serial_shops,
          shop
D:7:      wad_woods_stonehenge, kennysheep_boxes
D:8:      serial_shops, shop, shop_fountains, nicolae_shop_overgrown_old_shop,
          nicolae_shop_temple_entry_statues_fountains, uniq_grum
Temple:   cyrus_circular_temple

Skill      XL: |  1  2  3  4  5  6  7  8  9 |
---------------+----------------------------+-----
Necromancy     | 5 6 7 8 9 11 | 11.8
Fighting       | 1 2 3 4 5 |  5.6
Spellcasting   | 3 4 6 7 |  7.4
Dodging        | 3 4 5 7 |  7.3
Stealth        | |  1.2

Action                   |  1- 3 |  4- 6 |  7- 9 | 10-12 || total
-------------------------+-------+-------+-------+-------++-------
Melee: Short sword       |       |     1 |       |       ||     1
       Rapier            |       |     1 |       |       ||     1
       Flail             |       |       |    42 |    32 ||    74
       Spear             |       |       |    94 |       ||    94
       Kick              |       |       |     8 |    12 ||    20
 Cast: Necrotise         |    64 |   110 |   219 |    34 ||   427
       Vampiric Draining |       |     6 |    22 |    17 ||    45
       * Regeneration    |       |    12 |    66 |     8 ||    86
       Animate Dead      |       |       |     6 |     1 ||     7
  Use: Scroll            |       |       |    14 |       ||    14
  Eat: Chunk             |     2 |     6 |    11 |     2 ||    21
       Bread ration      |       |       |     2 |       ||     2
       Meat ration       |       |       |     1 |       ||     1
Armor: Skin              |    10 |    10 |    48 |     6 ||    74
Dodge: Dodged            |    14 |    47 |   199 |    28 ||   288
Block: Other             |     6 |    17 |    74 |    13 ||   110
       Rpst.: Rapier     |       |     1 |       |       ||     1
* Casting counts for permanent charms are approximate representations of how often the player would have had to cast a non-permanent spell for the same benefits.

Table legend:
 A = Spawn XP
 B = Non-spawn XP
 C = Spawn XP percentage of total XP
 D = Spawn monster count
 E = Non-spawn monster count
 F = Spawn count percentage of total count
 G = Total turns spent on level
                    A         B        C        D         E        F      G
               +---------+---------+-------+---------+---------+-------+---------
         Total |     318 |    5105 |   5.9 |      22 |     168 |  11.6 |  7305
               +---------+---------+-------+---------+---------+-------+---------
           D:1 |       7 |      32 |  17.9 |       6 |      19 |  24.0 |  1080
           D:2 |       2 |     132 |   1.5 |       1 |      28 |   3.4 |  1078
           D:3 |       2 |     190 |   1.0 |       2 |      30 |   6.2 |  1116
           D:4 |     104 |    1466 |   6.6 |       4 |      22 |  15.4 |  1190
           D:5 |      77 |    1070 |   6.7 |       2 |      20 |   9.1 |   871
           D:6 |      13 |     524 |   2.4 |       1 |      13 |   7.1 |   428
           D:7 |      17 |    1457 |   1.2 |       4 |      30 |  11.8 |  1370
           D:8 |      96 |     234 |  29.1 |       2 |       6 |  25.0 |   106
               +---------+---------+-------+---------+---------+-------+---------
